Map: Seeds of Aiur

Players

Erfeyah - Winner!

  • Race: Terran Terran
  • Spawn Location: 7:00

VOD

Have the link to the VOD?

Description

Time

  • Played on: Nov. 27, 2017, 1:06 p.m.
  • Length: 21:49
Show
View Real Time Build Order
Export as new Build Order

Erfeyah Terran - Winner!

Build Orders:  

Get SALT Encoding   

  12  0:06  SCV  
  12  0:25  Supply Depot  
  12  1:06  SCV, Barracks  
  12  1:18  SCV  
  12  1:19  Supply Depot  
  12  1:29  Refinery  
  12  1:39  SCV  
  12  1:51  SCV  
  12  2:10  Supply Depot  
  12  2:17  SCV  
  12  2:29  SCV  
  12  2:45  Supply Depot  
  12  2:55  SCV  
  12  2:59  Marine  
  12  3:17  Marine  
  12  3:21  Factory  
  12  3:45  Barracks  
  12  4:04  SCV  
  12  4:07  Marine  
  12  4:16  SCV  
  12  4:25  Marine  
  12  4:28  SCV  
  12  4:43  Marine  
  12  5:01  Marine  
  12  5:19  Marine  
  12  5:30  Supply Depot  
  12  5:53  Command Center  
  12  6:47  SCV  
  12  6:50  Marine  
  12  6:51  Marine  
  12  6:59  SCV  
  12  7:08  Marine x2  
  12  7:11  SCV  
  12  7:26  Marine x2  
  12  7:33  Starport  
  12  7:38  SCV  
  12  7:44  Marine x2  
  12  8:00  SCV  
  12  8:13  SCV  
  12  8:37  Barracks Reactor  
  12  8:48  Barracks Reactor, Supply Depot  
  12  9:11  Supply Depot  
  12  9:34  Supply Depot  
  12  9:45  SCV x2  
  12  9:48  Marine x2  
  12  9:49  Marine x2  
  12  9:56  Supply Depot  
  12  10:12  SCV  
  12  10:13  SCV  
  12  10:15  Marine x2  
  12  10:19  Supply Depot  
  12  10:22  Marine  
  12  10:25  Marine  
  12  10:33  Marine x2  
  12  10:39  Marine  
  12  10:43  Marine  
  12  10:48  Barracks  
  12  10:55  Supply Depot  
  12  10:56  Supply Depot  
  12  11:00  Supply Depot  
  12  11:03  Supply Depot  
  12  11:35  Barracks  
  12  12:16  Refinery  
  12  12:51  Refinery  
  12  12:53  SCV x2  
  12  13:09  Barracks Tech Lab  
  12  13:12  Barracks Tech Lab  
  12  13:34  Marine x2  
  12  13:35  Marine x3  
  12  13:36  Marine  
  12  13:48  SCV x2  
  12  13:52  Marine x2  
  12  13:53  Marine x4  
  12  14:00  SCV x2  
  12  14:10  Marine x3  
  12  14:11  Marine x3  
  12  14:12  SCV  
  12  14:13  SCV  
  12  14:24  SCV  
  12  14:25  SCV  
  12  14:28  Marine x4  
  12  14:29  Marine x2  
  12  14:36  SCV  
  12  14:37  SCV  
  12  14:46  Marine x4  
  12  14:47  Marine  
  12  14:49  SCV x2  
  12  15:01  SCV  
  12  15:12  Refinery  
  12  15:46  Command Center  
  12  16:10  Marine  
  12  16:11  Marine x3  
  12  16:12  Marine x2  
  12  16:28  Marine  
  12  16:29  Marine  
  12  16:38  Starport  
  12  16:49  Starport  
  12  19:34  Starport Tech Lab x2  
  12  19:51  Medivac  
  12  19:52  Medivac x2  
  12  20:17  Supply Depot  
  12  20:21  Medivac  
  12  20:22  Medivac x2  
  12  20:29  Supply Depot  
  12  20:35  Marauder  
  12  20:36  Marauder  
  12  20:37  Marine x2  
  12  20:38  Marine x2  
  12  20:51  Medivac  
  12  20:52  Medivac x2  
  12  20:55  Marine x3  
  12  20:56  Marine  
  12  20:57  Marauder x2  
  12  21:13  Marine x4  
  12  21:18  Marine, Marauder  
  12  21:31  Marine  
Tags
 
Add a new tag
Caveats
  • Supply blocks, unpowered buildings, or Contaminate may cause inaccurate times.
  • Supply counts are checked every 10 seconds.